 Dungeon Crawl Stone Soup version 0.26.0-16-gc1dbca0489 (webtiles) character file.

Game seed: 10616018737624467839

12348 Froggeryz the Brawler (level 11, -1/92 HPs)
             Began as a Ghoul Delver on Jan 18, 2021.
             Was a Priest of Qazlal.
             Slain by a skeletal warrior
             ... wielding a +2 halberd of flaming
              (9 damage)
             ... in a volcano.
             The game lasted 00:15:47 (13444 turns).

Froggeryz the Brawler (Ghoul Delver)               Turns: 13444, Time: 00:15:48

Health: -1/92      AC:  9    Str: 20    XL:     11   Next: 92%
Magic:  23/23      EV: 10    Int:  5    God:    Qazlal [***...]
Gold:   378        SH: 10    Dex: 10    Spells: 10/10 levels left

rFire    . . .     SeeInvis .     - Unarmed
rCold    + + .     Faith    .   o - +1 buckler (curse)
rNeg     + + +     Spirit   .   E - +0 scale mail
rPois    ∞         Reflect  .   (no helmet)
rElec    .         Harm     .   G - scarf {repulsion}
rCorr    .         Rampage  .   (no gloves)
Will     .....                  z - +1 pair of boots {run}
Stlth    +.........             (no amulet)
HPRegen  0.00/turn              A - ring of magical power
MPRegen  0.18/turn              M - ring of protection from cold

@: repel missiles, quick
A: claws 1, cold resistance 1, negative energy resistance 3, inhibited
regeneration, torment resistance, unbreathing
a: Renounce Religion, Upheaval, Elemental Force


You were in a volcano.
You worshipped Qazlal.
Qazlal was most pleased with you.
You visited 3 branches of the dungeon, and saw 11 of its levels.
You also visited: Sewer and Volcano.

You collected 536 gold pieces.
You spent 158 gold pieces at shops.

Inventory:

Missiles
 i - 3 curare-tipped darts (quivered)
 l - 70 poisoned darts
Armour
 o - a cursed +1 buckler (worn)
 z - a +1 pair of boots of running (worn)
 E - a +0 scale mail (worn)
 G - a scarf of repulsion (worn)
 P - a +0 pair of gloves
Jewellery
 h - an uncursed ring of ice
 A - a ring of magical power (left claw)
 M - a ring of protection from cold (right claw)
Wands
 f - a wand of digging (7)
 y - a wand of paralysis (5)
 D - a wand of iceblast (9)
 H - a wand of polymorph (6)
 I - a wand of random effects (24)
 O - a wand of flame (11)
Scrolls
 a - 2 scrolls of blinking
 b - 5 scrolls of fog
 c - 2 scrolls of magic mapping
 d - 3 scrolls of fear
 g - 9 scrolls of remove curse
 p - 9 scrolls of identify
 t - 7 scrolls of amnesia
 u - 4 scrolls of enchant weapon {unknown}
 w - 2 scrolls of teleportation
 J - 2 scrolls of immolation {unknown}
 L - a scroll of random uselessness {unknown}
 N - a scroll of enchant armour
Potions
 e - 3 potions of haste
 j - 3 potions of lignification
 k - 2 potions of mutation {unknown}
 m - a potion of ambrosia {unknown}
 n - 13 potions of curing {unknown}
 q - 4 potions of heal wounds {unknown}
 r - 5 potions of flight {unknown}
 s - 3 potions of brilliance {unknown}
 v - 3 potions of attraction {unknown}
 x - 3 potions of might {unknown}
 B - a potion of berserk rage {unknown}
 C - a potion of cancellation {unknown}
 F - a potion of magic {unknown}
 K - a potion of experience {unknown}


   Skills:
 + Level 7.0 Fighting
 - Level 4.4 Armour
 - Level 1.7 Dodging
 - Level 5.4 Stealth
 - Level 5.0 Shields
 * Level 15.7 Unarmed Combat
 + Level 5.9 Invocations


You had 10 spell levels left.
You didn't know any spells.
Your spell library contained the following spells:

 Spells                   Type           Power        Failure   Level
 Animate Skeleton         Necr           0%           82%         1
 Apportation              Tloc           0%           82%         1
 Corona                   Hex            0%           82%         1
 Freeze                   Ice            0%           82%         1
 Sandblast                Erth           0%           82%         1
 Sting                    Tmut/Pois      0%           82%         1
 Summon Small Mammal      Summ           0%           82%         1
 Blink                    Tloc           N/A          91%         2
 Ensorcelled Hibernation  Hex/Ice        0%           91%         2
 Lesser Beckoning         Tloc           0%           99%         3
 Iskenderun's Mystic Bla  Conj/Tloc      0%           100%        4
 Passage of Golubria      Tloc           N/A          100%        4
 Borgnjor's Vile Clutch   Necr/Erth      0%           100%        5
 Summon Forest            Summ/Tloc      0%           100%        5
 Iron Shot                Conj/Erth      0%           100%        6
 Ozocubu's Refrigeration  Ice            0%           100%        6
 Malign Gateway           Summ/Tloc      0%           100%        7
 Chain Lightning          Conj/Air       0%           100%        8
 Lehudib's Crystal Spear  Conj/Erth      0%           100%        8
 Absolute Zero            Ice            0%           100%        9
 Fire Storm               Conj/Fire      0%           100%        9
 Ice Form                 Ice/Tmut       Unusable     N/A         4
 Statue Form              Tmut/Erth      Unusable     N/A         6

Dungeon Overview and Level Annotations

Branches:
Dungeon (9/15)             Temple (1/1) D:5            Lair (1/6) D:9
  Sewer (visited)         Volcano (1/1)
    Orc: D:9-12

Altars:
Ashenzari
Cheibriados
Dithmenos
Elyvilon
Fedhas
Gozag
Hepliaklqana
Kikubaaqudgha
Makhleb
Nemelex Xobeh
Okawaru
Qazlal
Ru
Sif Muna
Trog
Uskayaw
Vehumet
Wu Jian
Xom
Yredelemnul
Zin
The Shining One

Shops:
D:4 *


Innate Abilities, Weirdness & Mutations

You thrive by killing the living.
You are immune to poison.
You have sharp fingernails.
Your flesh is cold resistant. (rC+)
You are immune to negative energy. (rN+++)
You do not regenerate when monsters are visible.
You are immune to unholy pain and torment.
You can survive without breathing.


Message History

You block the harpy skeleton's attack. The harpy skeleton barely misses you.
You block the skeletal warrior's attack.
You block the harpy skeleton's attack.
The harpy skeleton claws you but does no damage.
You scratch the skeletal warrior.
The skeletal warrior is moderately damaged.
The harpy skeleton barely misses you. The harpy skeleton claws you!
You block the skeletal warrior's attack.
You scratch the skeletal warrior.
The skeletal warrior is moderately damaged.
You block the harpy skeleton's attack. x2; The harpy skeleton claws you!
* * * LOW HITPOINT WARNING * * *
The harpy skeleton claws you but does no damage.
You scratch the skeletal warrior.
The skeletal warrior is moderately damaged.
You block the harpy skeleton's attack. x2
The skeletal warrior hits you with a +2 halberd of flaming!!
* * * LOW HITPOINT WARNING * * *
The skeletal warrior burns you!
You die...

.≈'...8....'.....###
..'§.......)..∩.)'.#
.≈'...8....')....###
..##########.....#
### #..⌠..# #
#+#####'##
....§....###
§§§≈§≈°≈.'.+
§..§$..@Z###
#+#####z## #.# ###


You could see a skeletal warrior and a harpy skeleton.

Vanquished Creatures
  A boulder beetle (D:9)
  3 two-headed ogres
  A skeletal warrior (Volcano)
  3 gargoyles (Volcano)
  Psyche (D:9)
  2 trolls (D:9)
  3 wyverns
  3 flying skulls (Volcano)
  2 wraiths (D:9)
  7 yaks (D:9)
  A basilisk (D:9)
  A vampire mosquito (D:9)
  Edmund (D:6)
  A water moccasin (Lair:1)
  3 sky beasts
  4 orc warriors
  2 ice beasts (D:9)
  A black bear (D:9)
  3 phantoms
  6 ogres
  2 centaurs
  3 wolves (Lair:1)
  6 big kobolds
  9 bullfrogs
  2 scorpions (D:8)
  8 wights
  A spriggan skeleton (Volcano)
  5 howler monkeys
  A centaur zombie (D:9)
  5 hounds
  3 jellies
  4 orc priests
  An iron imp (D:9)
  9 orc wizards
  2 bullfrog skeletons (D:7)
  A centaur skeleton (D:9)
  5 iguanas
  Natasha (twice) (D:4)
  3 worker ants
  A killer bee zombie (D:9)
  A naga skeleton (Volcano)
  A hound zombie (D:8)
  A mummy (D:4)
  A howler monkey skeleton (D:5)
  8 adders
  7 river rats
  A white imp (D:6)
  An ooze (Sewer)
  An adder skeleton (D:4)
  2 adder zombies
  3 worms
  3 dart slugs
  4 leopard geckos
  17 orcs
  7 ball pythons
  4 bats
  3 giant cockroaches
  7 goblins
  10 hobgoblins
  4 jackals
  3 quokkas
  11 frilled lizards
  2 hobgoblin zombies (D:4)
  A jackal skeleton (D:5)
  24 kobolds
  32 rats
281 creatures vanquished.

Notes
Turn   | Place    | Note
-------+----------+-------------------------------------------
     0 | D:5      | Froggeryz the Ghoul Delver began the quest for the Orb.
     0 | D:5      | Reached XP level 1. HP: 19/19 MP: 0/0
    59 | D:4      | Noticed an ogre
   175 | D:3      | Reached skill level 3 in Unarmed Combat
   175 | D:3      | Reached XP level 2. HP: 17/26 MP: 1/1
   343 | D:3      | Found a shimmering blue altar of Sif Muna.
   343 | D:3      | Found a basalt altar of Yredelemnul.
   437 | D:3      | Found a shimmering altar of Xom.
   438 | D:3      | Noticed an angel
   447 | D:3      | Found a glowing silver altar of Zin.
   556 | D:3      | Found a glowing drain.
   567 | Sewer    | Entered a sewer
   849 | Sewer    | Noticed a big kobold
   869 | Sewer    | Killed a big kobold
   870 | Sewer    | Reached skill level 5 in Unarmed Combat
   870 | Sewer    | Reached XP level 3. HP: 27/31 MP: 2/2
   870 | Sewer    | Reached XP level 4. HP: 33/38 MP: 3/3
  1132 | Sewer    | Reached XP level 5. HP: 45/45 MP: 4/4
  1147 | Sewer    | Noticed a big kobold
  1147 | Sewer    | Noticed a big kobold
  1157 | Sewer    | Killed a big kobold
  1158 | Sewer    | Reached skill level 6 in Unarmed Combat
  1168 | Sewer    | Killed a big kobold
  1169 | Sewer    | Reached XP level 6. HP: 13/51 MP: 5/5
  1446 | Sewer    | Reached skill level 7 in Unarmed Combat
  1717 | Sewer    | Reached skill level 8 in Unarmed Combat
  1717 | Sewer    | Reached XP level 7. HP: 52/57 MP: 6/6
  3213 | D:2      | Found an ornate altar of the Wu Jian Council.
  3237 | D:2      | Identified a +1 pair of boots of running (You found it on
                  | level 2 of the Dungeon)
  3889 | D:3      | Reached skill level 1 in Shields
  4041 | D:3      | Found a white marble altar of Elyvilon.
  4117 | D:4      | Reached skill level 9 in Unarmed Combat
  4471 | D:4      | Noticed Natasha
  4480 | D:4      | Killed Natasha
  4481 | D:4      | Reached XP level 8. HP: 63/63 MP: 7/7
  4633 | D:4      | Found Cecvoc's Assorted Antiques.
  4647 | D:4      | Bought a lumpy green potion for 15 gold pieces
  4647 | D:4      | Bought a dark potion for 15 gold pieces
  4647 | D:4      | Bought a fuming white potion for 15 gold pieces
  4647 | D:4      | Bought a fuming coppery potion for 15 gold pieces
  4647 | D:4      | Bought a lumpy green potion for 15 gold pieces
  4647 | D:4      | Bought a grey potion for 15 gold pieces
  4647 | D:4      | Bought a blackened iron wand for 68 gold pieces
  4913 | D:4      | Noticed Natasha
  4921 | D:4      | Killed Natasha
  5219 | D:5      | Found a staircase to the Ecumenical Temple.
  5281 | Temple   | Entered the Ecumenical Temple
  5405 | Temple   | Became a worshipper of Qazlal Stormbringer
  5596 | D:5      | Found a burning altar of Makhleb.
  5598 | D:5      | Noticed a balrug
  5602 | D:5      | Noticed a hellwing
  5602 | D:5      | Noticed a smoke demon
  5872 | D:5      | Found an opulent altar of Gozag.
  6410 | D:6      | Noticed Edmund
  6418 | D:6      | Killed Edmund
  6419 | D:6      | Reached skill level 10 in Unarmed Combat
  6554 | D:6      | Noticed a wyvern
  6565 | D:6      | Killed a wyvern
  6714 | D:6      | Found a sparkling altar of Nemelex Xobeh.
  6825 | D:5      | Reached skill level 11 in Unarmed Combat
  6825 | D:5      | Reached XP level 9. HP: 22/70 MP: 8/8
  7079 | D:5      | Reached * piety under Qazlal
  8155 | D:7      | Found a glowing golden altar of the Shining One.
  8168 | D:7      | Reached skill level 5 in Shields
  8294 | D:7      | Found a broken altar of Ashenzari.
  8485 | D:7      | Reached skill level 12 in Unarmed Combat
  9030 | D:8      | Reached skill level 1 in Armour
  9137 | D:8      | Noticed a two-headed ogre
  9160 | D:8      | Killed a two-headed ogre
  9161 | D:8      | Reached XP level 10. HP: 65/77 MP: 9/9
  9224 | D:8      | Reached skill level 13 in Unarmed Combat
  9232 | D:8      | Reached ** piety under Qazlal
 10721 | D:9      | Found a radiant altar of Vehumet.
 10841 | D:9      | Noticed a two-headed ogre
 10848 | D:9      | Killed a two-headed ogre
 10849 | D:9      | Reached skill level 14 in Unarmed Combat
 10849 | D:9      | Reached skill level 1 in Invocations
 10956 | D:9      | Found a staircase to the Lair.
 11156 | D:9      | Found a snail-covered altar of Cheibriados.
 11202 | D:9      | Reached XP level 11. HP: 76/85 MP: 12/12
 11256 | D:9      | Noticed a two-headed ogre
 11265 | D:9      | Killed a two-headed ogre
 11266 | D:9      | Reached skill level 5 in Fighting
 11295 | D:9      | Reached *** piety under Qazlal
 11717 | D:9      | Noticed a boulder beetle
 11748 | D:9      | Killed a boulder beetle
 11749 | D:9      | Reached skill level 15 in Unarmed Combat
 11896 | D:9      | Identified the cursed +0 hand crossbow "Waxiw" {vorpal,
                  | Dex+2}
 12149 | D:9      | Identified the +1 hand axe of Upsuew {drain, rElec}
 12256 | D:9      | Identified the Almanac of the Traveller
 12259 | D:9      | Identified the Guide on the Ashen Entourage
 12263 | D:9      | Identified the Guide on Transmutation and the Frostbite
 12367 | D:9      | Noticed Psyche
 12372 | D:9      | Killed Psyche
 12395 | D:9      | Reached skill level 5 in Invocations
 12923 | Lair:1   | Entered Level 1 of the Lair of Beasts
 13196 | Lair:1   | Found a dark tunnel.
 13202 | Volcano  | Entered a volcano
 13306 | Volcano  | Noticed a skeletal warrior
 13313 | Volcano  | Killed a skeletal warrior
 13435 | Volcano  | Noticed a skeletal warrior
 13444 | Volcano  | Slain by a skeletal warrior

Illustrated notes

Levels and vault maps discovered:
D:1:      dpeg_arrival_radiant, layout_loops_ring
D:2:      layout_loops_ring, nzn_wu_jian_contemplation, kennysheep_nondescript
D:3:      layout_loops_ring, grunt_temple_overflow_order_and_chaos_1,
          nicolae_overflow_hidden_temple, gammafunk_temple_overflow_pools,
          portal_sewer_entry_b
D:4:      layout_basic, serial_shops, shop, nicolae_ossuary_entry_giza,
          uniq_natasha
D:5:      layout_basic, makhleb_altar_promises_db, grunt_gozag_statues,
          temple_green
D:6:      layout_loops_ring, nemelex_xobeh_ov_fountains_minmay,
          minmay_pentangle, uniq_edmund
D:7:      layout_layer_cave, general_overflow_altar, overflow_temple_1_default
D:8:      layout_gridville, serial_bayou_pond_e, nrook_mini_backslash
D:9:      minmay_the_grid_triangle_9x9_rhombus_full
          [minmay_the_grid_triangle_9x9_alien,
          minmay_the_grid_triangle_9x9_warning,
          minmay_the_grid_triangle_9x9_zippers_vertical,
          minmay_the_grid_triangle_9x9_flanged_cone,
          minmay_the_grid_triangle_9x9_empty,
          minmay_the_grid_triangle_9x9_steps,
          minmay_the_grid_triangle_9x9_thin_v,
          minmay_the_grid_triangle_9x9_prize_insulated], layout_basic,
          slow_altar_2, kennysheep_little_box, david_lair_generic,
          kennysheep_generic_room_2, uniq_psyche
Temple:   nicolae_temple_figure_zero
Lair:1:   layout_regular_city, basic_altar, nicolae_volcano_entry_two_sided,
          chequers_serial_rivers_micro_c
Volcano:  volcano_tomb [vts_original]

Skill      XL: |  1  2  3  4  5  6  7  8  9 10 11 |
---------------+----------------------------------+-----
Unarmed Combat | 3 5 6 8 9 11 12 14 15 | 15.7
Shields        | 2 4 5 |  5.0
Armour         | 2 4 |  4.4
Fighting       | 4 7 |  7.0
Invocations    | 3 5 |  5.9
Dodging        | |  1.7
Stealth        | |  5.4

Action                   |  1- 3 |  4- 6 |  7- 9 | 10-12 || total
-------------------------+-------+-------+-------+-------++-------
Melee: Unarmed           |    40 |   136 |   394 |   405 ||   975
       Punch             |       |     2 |     9 |       ||    11
Throw: Dart              |     3 |       |    17 |     2 ||    22
Evoke: Wand              |       |       |       |     4 ||     4
  Use: Scroll            |     7 |       |       |       ||     7
 Stab: Sleeping          |     6 |     1 |    14 |       ||    21
Armor: Leather armour    |     9 |    41 |    21 |       ||    71
       Ring mail         |       |       |    27 |       ||    27
       Scale mail        |       |       |    50 |    75 ||   125
Dodge: Dodged            |    39 |    93 |   165 |    80 ||   377
       Repelled          |       |       |       |     3 ||     3
Block: Buckler           |       |       |    32 |   126 ||   158
       Other             |       |       |     1 |       ||     1
